 Dungeon Crawl Stone Soup version 0.23.0 (webtiles) character file.

Game seed: 15884886205175578342

12289 Trogdor the Carver (level 11, -3/60 HPs)
             Began as a Tengu Monk on Feb 13, 2019.
             Was an Elder of Makhleb.
             Slain by an eight-headed hydra (12 damage)
             ... on level 2 of the Lair of Beasts.
             The game lasted 01:00:17 (14283 turns).

Trogdor the Carver (Tengu Monk)                    Turns: 14283, Time: 01:00:18

Health: -3/60      AC:  7    Str: 14    XL:     11   Next: 91%
Magic:  27/27      EV: 24    Int: 12    God:    Makhleb [****..]
Gold:   516        SH:  6    Dex: 19    Spells: 10/10 levels left

rFire    + . .     SeeInvis .   I - +3 scimitar
rCold    . . .     Gourm    .   K - +0 buckler
rNeg     . . .     Faith    .   D - +2 robe {rF+}
rPois    .         Spirit   .   (helmet restricted)
rElec    .         Reflect  .   w - +0 cloak
rCorr    .         Harm     .   i - +1 pair of gloves
MR       .....                  (boots unavailable)
Stlth    ++........             o - amulet of rage
HPRegen  0.20/turn              y - ring of magical power
MPRegen  0.20/turn              M - +3 ring of strength

@: flying quickly and evasively, quick
A: beak, talons 3, able to fly
a: Stop Flying, Minor Destruction, Lesser Servant of Makhleb, Major Destruction,
Renounce Religion, Evoke Berserk Rage


You were on level 2 of the Lair of Beasts.
You worshipped Makhleb.
Makhleb was greatly pleased with you.
You were hungry.

You visited 2 branches of the dungeon, and saw 12 of its levels.

You collected 746 gold pieces.
You spent 230 gold pieces at shops.

Inventory:

Hand Weapons
 q - a +2 dagger of venom
 H - a +0 falchion of holy wrath
 I - a +3 scimitar (weapon)
Armour
 i - a +1 pair of gloves (worn)
 l - a +0 leather armour
 w - a +0 cloak (worn)
 D - a +2 robe of fire resistance (worn)
 K - a +0 buckler (worn)
Jewellery
 o - an amulet of rage (around neck)
 v - an uncursed amulet of the gourmand
 y - a ring of magical power (left hand)
 M - a +3 ring of strength (right hand)
Wands
 s - a wand of paralysis (13)
 u - a wand of scattershot (1)
 J - a wand of polymorph (12)
 N - a wand of flame (15)
Scrolls
 b - a scroll of summoning {unknown}
 e - a scroll of random uselessness
 g - 3 scrolls of magic mapping
 h - 7 scrolls of teleportation
 j - a scroll of fear
 m - 7 scrolls of identify
 r - a scroll of noise {unknown}
 t - 3 scrolls of enchant armour
 z - 7 scrolls of remove curse
 A - 2 scrolls of enchant weapon
 C - a scroll of fog
 F - a scroll of acquirement {unknown}
Potions
 a - a potion of might
 d - a potion of ambrosia
 f - 2 potions of heal wounds
 k - 3 potions of brilliance
 n - a potion of invisibility
 p - a potion of magic
 B - a potion of berserk rage {unknown}
 E - 3 potions of curing
 G - 2 potions of mutation {unknown}
 L - a potion of cancellation {unknown}
 O - a potion of lignification {unknown}
Comestibles
 c - 21 rations


   Skills:
 - Level 3.0 Fighting
 - Level 14.0 Long Blades
 + Level 9.8 Dodging
 - Level 2.0 Stealth
 - Level 4.0 Shields
 + Level 8.9 Invocations


You had 10 spell levels left.
You didn't know any spells.
Your spell library contained the following spells:

 Spells                   Type           Power        Failure   Level  Hunger
 Beastly Appendage        Tmut           #.....       32%         1    ##.....
 Summon Small Mammal      Summ           #...         32%         1    ##.....
 Call Imp                 Summ           #.......     45%         2    ###....
 Sticks to Snakes         Tmut           #.......     45%         2    ###....
 Call Canine Familiar     Summ           #.......     69%         3    ####...
 Spider Form              Tmut/Pois      #.........   69%         3    ####...
 Summon Guardian Golem    Hex/Summ       #.......     69%         3    ####...
 Cause Fear               Hex            #.........   97%         4    #####..
 Ice Form                 Ice/Tmut       #.......     97%         4    #####..
 Leda's Liquefaction      Hex/Erth       #.........   97%         4    #####..
 Summon Ice Beast         Ice/Summ       #.......     97%         4    #####..
 Summon Lightning Spire   Summ/Air       #.......     97%         4    #####..
 Blade Hands              Tmut           #.........   100%        5    ######.
 Bolt of Magma            Conj/Fire/Erth #.........   100%        5    ######.
 Silence                  Hex/Air        #.........   100%        5    ######.
 Yara's Violent Unravell  Hex/Tmut       #.........   100%        5    ######.
 Deflect Missiles         Chrm/Air       #.........   100%        6    #######
 Iron Shot                Conj/Erth      #.........   100%        6    #######
 Statue Form              Tmut/Erth      #........    100%        6    #######
 Discord                  Hex            #.........   100%        8    #######
 Shatter                  Erth           #.........   100%        9    #######


Dungeon Overview and Level Annotations

Branches:
Dungeon (10/15)            Temple (0/1) D:5            Lair (2/6) D:9
 Spider (0/4) Lair:2
  Swamp: Lair:2-4    Shoals: Lair:2-4       Orc: D:9-12

Altars:
Dithmenos
Elyvilon
Makhleb
Nemelex Xobeh
Qazlal
Ru
Sif Muna
Trog
Uskayaw
Vehumet
Zin

Shops:
D:7 [

Annotations:
D:10 Fannar


Innate Abilities, Weirdness & Mutations

You have a beak for a mouth.
You have claws for feet.
You can fly continuously.


Message History

The eight-headed hydra misses you. The eight-headed hydra bites you!
The eight-headed hydra misses you. The eight-headed hydra bites you.
You block the eight-headed hydra's attack.
The eight-headed hydra completely misses you.
The eight-headed hydra barely misses you.
The eight-headed hydra completely misses you.
The eight-headed hydra completely misses you.
The eight-headed hydra bites you but does no damage.
The eight-headed hydra bites you! x2
* * * LOW HITPOINT WARNING * * *
The eight-headed hydra closely misses you.
The eight-headed hydra barely misses you.
The eight-headed hydra completely misses you.
The eight-headed hydra misses you.
The seven-headed hydra is engulfed in a cloud of scalding steam.
The eight-headed hydra misses you.
You riposte.
You barely miss the eight-headed hydra.
The eight-headed hydra is lightly wounded.
The eight-headed hydra misses you. The eight-headed hydra bites you!
You die...

#...##..≈PPP≈....##
##...#.≈≈PPP≈P...#.
#...P≈P≈≈♣≈≈P(.....
###.PPPP♣≈≈≈≈........
##.P.P≈≈♣≈≈≈PPP.......
#PPP≈≈≈♣≈PP≈........>.
#PP≈≈≈≈♣PP............
##≈≈≈♣♣♣PPPP.##........
#.PP≈≈@D♣PPP##.......##
#P..P≈♣≈≈≈PPP#P......+.
###PPPP≈♣≈♣≈PD≈PP......
##≈.≈.≈≈≈♣♣§≈≈P≈D...<
#≈#...≈P≈≈§♣≈≈P.....
#≈≈..#.PP≈≈P≈P....#.
###...P≈≈≈.#......##
#.................
#.................


You could see an eight-headed hydra and a seven-headed hydra.

Vanquished Creatures
  Gastronok (Lair:2)
  A two-headed ogre (D:7)
  A spiny frog (Lair:2)
  6 komodo dragons
  A troll (D:9)
  Prince Ribbit (D:6)
  2 hippogriffs
  Sigmund (D:3)
  4 redbacks (Lair:2)
  7 yaks
  A human (D:8)
  3 hogs (D:8)
  A hungry ghost (D:8)
  Edmund (D:6)
  5 water moccasins
  2 orc warriors
  6 porcupines
  3 phantoms
  2 ice beasts
  4 ogres
  2 centaurs (D:5)
  5 crocodiles
  2 bullfrogs (Lair:1)
  3 scorpions
  A wyvern skeleton (D:7)
  A water moccasin skeleton (D:7)
  4 killer bees (D:7)
  2 wights (D:8)
  5 howler monkeys
  A crimson imp (D:8)
  3 jellies
  5 hounds
  4 orc priests
  A centaur skeleton (D:7)
  3 iguanas
  3 orc wizards
  7 worker ants
  3 hound zombies
  A hound skeleton (D:4)
  A worker ant zombie (D:9)
  14 gnolls
  15 adders
  A howler monkey skeleton (D:9)
  A shadow imp (D:5)
  5 oozes
  An adder zombie (D:8)
  2 adder skeletons
  5 worms
  7 leopard geckos
  14 orcs
  7 giant cockroaches
  9 goblins
  11 hobgoblins
  18 jackals
  8 kobolds
  3 quokkas
  A ball python (D:3)
  9 bats
  4 frilled lizards
  A leopard gecko skeleton (D:4)
  A leopard gecko zombie (D:6)
  8 rats
255 creatures vanquished.

Vanquished Creatures (collateral kills)
  Psyche (D:8)
  A black mamba (Lair:2)
  An orc warrior (D:7)
  An ogre (D:8)
  A wyvern zombie (D:8)
  2 wights (D:8)
  A gnoll shaman (D:8)
  3 gnolls (D:8)
  4 orcs
15 creatures vanquished.

Vanquished Creatures (others)
  2 fungi (Lair:2)
  8 plants
10 creatures vanquished.

Grand Total: 280 creatures vanquished

Notes
Turn   | Place    | Note
-------+----------+-------------------------------------------
     0 | D:1      | Trogdor the Tengu Monk began the quest for the Orb.
     0 | D:1      | Reached XP level 1. HP: 14/14 MP: 2/2
   121 | D:1      | Reached XP level 2. HP: 18/19 MP: 3/3
   208 | D:1      | Reached skill level 4 in Long Blades
   222 | D:1      | Reached XP level 3. HP: 23/23 MP: 4/4
   964 | D:2      | Reached XP level 4. HP: 28/28 MP: 5/5
  1319 | D:2      | Reached skill level 5 in Long Blades
  1339 | D:2      | Gained mutation: You can fly continuously. [Tengu growth]
  1339 | D:2      | Reached XP level 5. HP: 32/32 MP: 6/6
  2520 | D:3      | Reached skill level 5 in Dodging
  2742 | D:3      | Noticed Sigmund
  2822 | D:3      | Reached skill level 6 in Long Blades
  2822 | D:3      | Reached XP level 6. HP: 31/37 MP: 7/7
  3164 | D:3      | Killed Sigmund
  3362 | D:3      | Reached skill level 7 in Long Blades
  3392 | D:3      | Found a burning altar of Makhleb.
  3399 | D:3      | Became a worshipper of Makhleb the Destroyer
  3399 | D:3      | Reached * piety under Makhleb
  3399 | D:3      | Reached ** piety under Makhleb
  3557 | D:4      | Noticed a moth of wrath
  3560 | D:4      | Found a bloodstained altar of Trog.
  3605 | D:4      | Reached XP level 7. HP: 41/41 MP: 8/8
  4130 | D:4      | Found a sparkling altar of Nemelex Xobeh.
  4559 | D:4      | Reached skill level 8 in Long Blades
  5015 | D:5      | Entered Level 5 of the Dungeon
  5105 | D:5      | Found a staircase to the Ecumenical Temple.
  5523 | D:5      | Found a hide-covered altar of Uskayaw.
  5524 | D:5      | Found a radiant altar of Vehumet.
  5597 | D:5      | Reached XP level 8. HP: 46/46 MP: 9/9
  5631 | D:4      | HP: 1/46 [something/magic dart (6)]
  5947 | D:5      | Found a sacrificial altar of Ru.
  6156 | D:5      | Reached skill level 9 in Long Blades
  6156 | D:5      | Reached skill level 1 in Invocations
  6243 | D:5      | Found a glowing silver altar of Zin.
  6647 | D:6      | Found a shadowy altar of Dithmenos.
  6812 | D:6      | Noticed Prince Ribbit
  6827 | D:6      | Killed Prince Ribbit
  6895 | D:6      | Noticed Edmund
  6943 | D:6      | Killed Edmund
  6943 | D:6      | Reached skill level 10 in Long Blades
  7364 | D:7      | Reached XP level 9. HP: 50/50 MP: 12/12
  7501 | D:7      | Reached *** piety under Makhleb
  8146 | D:7      | Found Oshruuxos's Armour Shoppe.
  8220 | D:7      | Bought a +2 robe of fire resistance for 230 gold pieces
  8341 | D:7      | Found a stormy altar of Qazlal.
  8478 | D:8      | Noticed a two-headed ogre
  8531 | D:7      | Killed a two-headed ogre
  8531 | D:7      | Reached skill level 11 in Long Blades
  8531 | D:7      | Reached skill level 5 in Invocations
  8707 | D:8      | Reached XP level 10. HP: 56/56 MP: 15/15
  9159 | D:8      | Noticed Psyche
  9930 | D:8      | Reached **** piety under Makhleb
  9967 | D:8      | Reached skill level 12 in Long Blades
 10090 | D:9      | Found a white marble altar of Elyvilon.
 10211 | D:9      | Found a deep blue altar of Sif Muna.
 10699 | D:9      | Found a glowing silver altar of Zin.
 10770 | D:9      | Found a staircase to the Lair.
 11166 | D:8      | Paralysed by Psyche for 7 turns
 11176 | D:8      | Killed Psyche
 11341 | D:10     | Entered Level 10 of the Dungeon
 11341 | D:10     | Noticed Fannar
 11395 | Lair:1   | Entered Level 1 of the Lair of Beasts
 11402 | Lair:1   | Reached skill level 13 in Long Blades
 11402 | Lair:1   | Reached XP level 11. HP: 46/60 MP: 17/17
 12140 | Lair:1   | Reached skill level 1 in Shields
 12503 | Lair:1   | Reached skill level 14 in Long Blades
 13054 | Lair:2   | Noticed a lindwurm
 13195 | Lair:2   | Noticed an eight-headed hydra
 13226 | Lair:2   | HP: 1/60 [eight-headed hydra (4)]
 13912 | Lair:2   | Found a hole to the Spider Nest.
 14025 | Lair:2   | Noticed Gastronok
 14078 | Lair:2   | Killed Gastronok
 14229 | Lair:2   | Noticed a seven-headed hydra
 14283 | Lair:2   | Slain by an eight-headed hydra

Skill      XL: |  1  2  3  4  5  6  7  8  9 10 11 |
---------------+----------------------------------+-----
Long Blades    | 4 5 6 7 8 10 11 13 14 | 14.0
Dodging        | 4 5 6 7 8 9 |  9.8
Invocations    | 3 5 7 8 |  8.9
Shields        | 4 |  4.0
Fighting       | |  3.0
Stealth        | |  2.0

Action                   |  1- 3 |  4- 6 |  7- 9 | 10-12 || total
-------------------------+-------+-------+-------+-------++-------
Melee: Falchion          |    66 |   150 |   267 |    71 ||   554
       Kick              |    24 |    52 |   103 |   137 ||   316
       Peck              |     9 |    32 |    71 |    99 ||   211
       Scimitar          |       |       |       |   281 ||   281
Invok: Minor Destruction |       |       |    31 |    39 ||    70
       Lesser Servant of |       |       |     2 |     5 ||     7
       Major Destruction |       |       |       |     2 ||     2
 Abil: Fly               |       |     3 |       |     1 ||     4
       Stop Flying       |       |     2 |       |     1 ||     3
       Evoke Berserk Rag |       |       |     1 |     6 ||     7
Evoke: Wand              |       |       |     3 |    13 ||    16
  Use: Scroll            |     2 |     7 |     7 |     1 ||    17
       Potion            |     1 |     2 |     2 |     2 ||     7
 Stab: Sleeping          |     2 |     8 |    11 |     5 ||    26
       Distracted        |       |     1 |     1 |     2 ||     4
  Eat: Chunk             |       |     5 |    13 |    17 ||    35
       Ration            |       |     1 |     1 |     2 ||     4
Armor: Robe              |     9 |    16 |    21 |    37 ||    83
Dodge: Dodged            |    50 |   135 |   234 |   260 ||   679
Block: Buckler           |       |       |       |    19 ||    19
       Rpst.: Falchion   |    19 |    42 |    70 |     8 ||   139
       Scimitar          |       |       |       |    57 ||    57
